 Dungeon Crawl Stone Soup version 0.25-a0-87-ga3d287bc14 (webtiles) character file.

Game seed: 12870420668072077940, levelgen mode: deterministic

25177 D1HalberdGnoll the Spear-Bearer (level 13, -3/107 HPs)
             Began as a Merfolk Skald on Nov 10, 2019.
             Was an Elder of Okawaru.
             Killed from afar by a fire dragon (18 damage)
             ... with a blast of flame
             ... in a volcano.
             The game lasted 00:33:49 (19574 turns).

D1HalberdGnoll the Spear-Bearer (Merfolk Skald)    Turns: 19574, Time: 00:33:49

Health: -3/107     AC: 17    Str: 15    XL:     13   Next: 17%
Magic:  29/29      EV: 12    Int: 13    God:    Okawaru [****..]
Gold:   1045       SH: 10    Dex: 14    Spells: 13/16 levels left

rFire    + + .     SeeInvis +   A - +4 scimitar (flame)
rCold    x . .     Gourm    .   f - +0 shield
rNeg     . . .     Faith    .   b - +1 fire dragon scales "Xydexuqimu" {rF++ rC- SInv}
rPois    .         Spirit   .   F - +0 helmet
rElec    .         Reflect  .   (no cloak)
rCorr    .         Harm     .   o - +1 pair of gloves
MR       .....                  I - +0 pair of boots
Stlth    ..........             B - amulet of regeneration
HPRegen  0.67/turn              t - ring of magical power
MPRegen  0.21/turn              (no ring)

@: no status effects
A: change form in water, swift swim, stealthy swim
a: Heroism, Renounce Religion


You were in a volcano.
You worshipped Okawaru.
Okawaru was greatly pleased with you.
You were not hungry.

You visited 3 branches of the dungeon, and saw 18 of its levels.
You also visited: Volcano.

You collected 1045 gold pieces.

Inventory:

Hand Weapons
 a - a +1 spear
 A - a +4 scimitar of flaming (weapon)
Missiles
 y - 2 silver javelins (quivered)
 K - a throwing net
Armour
 b - the +1 fire dragon scales "Xydexuqimu" (worn) {rF++ rC- SInv}
   (You found it on level 5 of the Dungeon)

   It greatly protects you from fire.
   It makes you vulnerable to cold.
   It lets you see invisible.
 f - a +0 shield (worn)
 o - a +1 pair of gloves (worn)
 F - a +0 helmet (worn)
 I - a +0 pair of boots (worn)
Jewellery
 q - an uncursed amulet of faith
 t - a ring of magical power (left hand)
 B - an amulet of regeneration (around neck)
Wands
 w - a wand of paralysis (6)
 C - a wand of random effects (2)
 D - a wand of flame (50)
 H - a wand of polymorph (6)
Scrolls
 c - 2 scrolls of blinking
 h - 6 scrolls of teleportation
 l - 4 scrolls of enchant weapon
 m - 5 scrolls of remove curse
 r - 2 scrolls of amnesia
 s - 2 scrolls of fog
 v - 9 scrolls of enchant armour
 E - a scroll of identify
Potions
 e - 2 potions of agility
 g - a potion of cancellation {unknown}
 i - a potion of flight {unknown}
 j - 3 potions of lignification {unknown}
 k - 4 potions of curing
 n - a potion of mutation {unknown}
 p - 2 potions of degeneration {unknown}
 u - 3 potions of haste {unknown}
 x - a potion of resistance {unknown}
 z - 2 potions of might {unknown}
 L - a potion of invisibility {unknown}
Comestibles
 d - 25 rations


   Skills:
 + Level 11.8 Fighting
 - Level 14.0 Polearms
 * Level 8.0 Armour
 - Level 10.0 Dodging
 + Level 5.8 Shields
 - Level 2.0 Spellcasting
 - Level 3.2 Charms
 + Level 9.4 Invocations


You had 13 spell levels left.
You knew the following spells:

 Your Spells              Type           Power        Failure   Level  Hunger
a - Infusion              Chrm           #...         65%         1    ##.....
b - Song of Slaying       Chrm           #.......     80%         2    ###....

Your spell library contained the following spells:

 Spells                   Type           Power        Failure   Level  Hunger
 Shroud of Golubria       Chrm/Tloc      #.....       95%         2    ###....
 Beastly Appendage        Tmut           #.....       98%         1    ##.....
 Sticks to Snakes         Tmut           #.......     99%         2    ###....
 Regeneration             Chrm/Necr      #.........   99%         3    ####...
 Spectral Weapon          Hex/Chrm       #.......     99%         3    ####...
 Spider Form              Tmut/Pois      #.........   100%        3    ####...
 Ice Form                 Ice/Tmut       #.......     100%        4    #####..
 Blade Hands              Tmut           #.........   100%        5    ######.


Dungeon Overview and Level Annotations

Branches:
Dungeon (11/15)            Temple (1/1) D:5            Lair (6/6) D:11
  Snake (0/4) Lair:4          Orc (0/2) D:10        Volcano (1/1)
  Swamp: Lair:2-4    Shoals: Lair:2-4     Slime: Lair:5-6

Altars:
Ashenzari
Cheibriados
Dithmenos
Elyvilon
Fedhas
Gozag
Hepliaklqana
Kikubaaqudgha
Makhleb
Nemelex Xobeh
Okawaru
Qazlal
Ru
Sif Muna
Trog
Uskayaw
Vehumet
Wu Jian
Xom
Yredelemnul
Zin
The Shining One

Shops:
D:4 *

Annotations:
D:10 exclusion: downstairs


Message History

The fire dragon bites you but does no damage.
The fire dragon claws you!
* * * LOW HITPOINT WARNING * * *
The fire dragon barely misses you. The fire dragon bites you.
* * * LOW HITPOINT WARNING * * *
The fire dragon barely misses you.
The fire dragon tramples you but does no damage.
You feel better. The fire dragon breathes flames at you.
The blast of flame misses you.
You slash the fire dragon!
The fire dragon is almost dead.
The fire dragon misses you.
The fire dragon claws you but does no damage.
The fire dragon tramples you but does no damage.
You barely miss the fire dragon.
The fire dragon is almost dead.
The fire dragon breathes flames at you. The blast of flame hits you!!
You resist.
You die...

≈§≈§§≈§§§§§≈§.##.#.###
§≈§≈§≈§≈≈≈≈≈..##.##..#
≈≈≈§≈§≈≈≈≈≈≈.##..∩##.#
§≈§≈≈≈≈≈≈≈≈§.#∩..##..#
.≈≈≈§§≈≈≈§≈≈.##..#.###
..§§≈≈≈≈≈§≈§≈.#.##.#
...§≈≈§≈§≈≈≈≈.###.##
...≈≈≈§≈§≈≈≈..###.#
....≈≈§≈≈§....DD@##
#..§.§§≈≈§...#####
#..§.§≈≈.§..##
##....≈....##
##.......## ##.....##
##.....# ##.#### ###


You could see a fire dragon and a steam dragon.

Vanquished Creatures
  Harold (D:11)
  A hydra (Lair:1)
  Erica (D:11)
  3 deep elf knights (D:11)
  An unseen horror (D:11)
  A lindwurm (Volcano)
  An orc knight (D:10)
  4 black mambas
  3 spiny frogs
  3 komodo dragons
  A troll (D:10)
  12 blink frogs
  7 hippogriffs
  2 wyverns (Lair:6)
  A redback (Lair:6)
  A basilisk (Lair:1)
  7 fire bats (Volcano)
  24 yaks
  Grum (D:9)
  A steam dragon (Volcano)
  3 water moccasins
  A hell hound (Volcano)
  Duvessa (D:7)
  An acid dragon (Volcano)
  5 orc warriors
  6 porcupines
  2 sky beasts
  3 ice beasts
  2 black bears
  A phantom (D:8)
  7 ogres
  A necrophage (D:10)
  6 wolves
  5 crocodiles
  2 big kobolds
  4 centaurs (D:7)
  11 bullfrogs
  4 gnoll sergeants (D:10)
  A wyvern zombie (D:9)
  A water moccasin zombie (D:10)
  3 scorpions
  6 killer bees (D:11)
  10 wights
  4 howler monkeys
  3 crimson imps
  5 lava snakes (Volcano)
  8 hounds
  3 jellies
  3 orc priests (D:4)
  2 centaur skeletons
  3 bullfrog skeletons
  Jessica (D:2)
  4 iguanas
  7 worker ants
  11 orc wizards
  2 hound skeletons
  9 gnolls
  9 adders
  An ooze (D:4)
  3 adder zombies
  An adder skeleton (D:5)
  A worm (D:3)
  A dart slug (D:2)
  6 leopard geckos
  35 orcs
  3 giant cockroaches
  3 goblins
  8 hobgoblins
  9 jackals
  5 quokkas
  9 bats
  3 frilled lizards (D:1)
  12 kobolds
  A leopard gecko skeleton (D:5)
  A quokka skeleton (D:6)
  2 quokka zombies
  8 rats
348 creatures vanquished.

Vanquished Creatures (others)
  A fire bat (Volcano)
  Dowan (D:7)
  A quokka (D:10)
  2 plants
5 creatures vanquished.

Grand Total: 353 creatures vanquished

Notes
Turn   | Place    | Note
-------+----------+-------------------------------------------
     0 | D:1      | D1HalberdGnoll the Merfolk Skald began the quest for the
                  | Orb.
     0 | D:1      | Reached XP level 1. HP: 16/16 MP: 3/3
   117 | D:1      | Reached XP level 2. HP: 18/23 MP: 5/5
   503 | D:1      | Reached skill level 4 in Polearms
   754 | D:2      | Reached XP level 3. HP: 28/28 MP: 6/6
   759 | D:2      | Noticed Jessica
   787 | D:2      | Killed Jessica
  1066 | D:2      | Found an opulent altar of Gozag.
  1110 | D:2      | Reached XP level 4. HP: 31/34 MP: 7/7
  1226 | D:2      | Found an ornate altar of the Wu Jian Council.
  1247 | D:2      | Reached skill level 5 in Polearms
  2320 | D:3      | Reached XP level 5. HP: 39/41 MP: 5/8
  2561 | D:4      | Found Doizxir's General Store.
  2570 | D:4      | Reached skill level 6 in Polearms
  2987 | D:4      | Learned a level 2 spell: Song of Slaying
  3017 | D:4      | Reached XP level 6. HP: 37/48 MP: 2/9
  3292 | D:4      | Noticed a sky beast
  3312 | D:4      | Killed a sky beast
  3312 | D:4      | Reached skill level 7 in Polearms
  3533 | D:4      | Reached skill level 5 in Dodging
  3842 | D:4      | Reached XP level 7. HP: 35/55 MP: 0/10
  4035 | D:4      | Reached skill level 8 in Polearms
  4360 | D:5      | Entered Level 5 of the Dungeon
  4383 | D:5      | Got ancient fire dragon scales
  4598 | D:4      | Reached skill level 9 in Polearms
  4823 | D:4      | Reached skill level 5 in Fighting
  4978 | D:5      | Found a shadowy altar of Dithmenos.
  5028 | D:5      | Found a staircase to the Ecumenical Temple.
  5050 | Temple   | Entered the Ecumenical Temple
  5190 | Temple   | Became a worshipper of Warmaster Okawaru
  5398 | D:6      | Reached XP level 8. HP: 62/62 MP: 11/11
  5638 | D:6      | Reached skill level 10 in Polearms
  6084 | D:6      | Identified the cursed +1 fire dragon scales "Xydexuqimu"
                  | {rF++ rC- SInv} (You found it on level 5 of the Dungeon)
  6564 | D:7      | Noticed Duvessa
  6565 | D:7      | Noticed Dowan
  6593 | D:7      | Killed Duvessa
  6593 | D:7      | Reached * piety under Okawaru
  6593 | D:7      | Reached skill level 11 in Polearms
  6600 | D:7      | Reached XP level 9. HP: 60/71 MP: 7/12
  6610 | D:7      | Killed Dowan
  7102 | D:7      | Reached skill level 12 in Polearms
  8104 | D:8      | Reached ** piety under Okawaru
  8776 | D:9      | Reached skill level 13 in Polearms
  8776 | D:9      | Reached skill level 1 in Invocations
  8900 | D:9      | Reached *** piety under Okawaru
  8900 | D:9      | Reached XP level 10. HP: 59/80 MP: 10/13
  9041 | D:9      | Noticed Grum
  9254 | D:9      | Killed Grum
  9564 | D:9      | Reached skill level 14 in Polearms
  9895 | D:10     | Entered Level 10 of the Dungeon
 10015 | D:10     | Reached **** piety under Okawaru
 10268 | D:10     | Found a white marble altar of Elyvilon.
 10356 | D:10     | Reached skill level 1 in Armour
 10483 | D:10     | Reached skill level 10 in Dodging
 10722 | D:10     | Found a staircase to the Orcish Mines.
 10755 | D:10     | Reached ***** piety under Okawaru
 10764 | D:10     | Reached skill level 5 in Invocations
 11074 | D:10     | Reached XP level 11. HP: 70/89 MP: 14/15
 11588 | D:10     | Received a gift from Okawaru
 11781 | D:11     | Noticed Harold
 11781 | D:11     | Noticed a deep elf knight
 12232 | D:11     | Noticed an unseen horror
 12254 | D:11     | Killed an unseen horror
 12291 | D:11     | Noticed a deep elf knight
 12309 | D:11     | Killed a deep elf knight
 12386 | D:11     | Noticed a deep elf knight
 12512 | D:11     | Noticed an orc knight
 12513 | D:11     | Noticed Erica
 12596 | D:10     | Killed an orc knight
 12596 | D:10     | Reached skill level 10 in Fighting
 12743 | D:11     | Killed Erica
 12743 | D:11     | Reached skill level 1 in Shields
 13057 | D:11     | Killed a deep elf knight
 13287 | D:11     | Killed a deep elf knight
 13287 | D:11     | Received a gift from Okawaru
 13287 | D:11     | Reached skill level 5 in Armour
 13607 | D:11     | Noticed a +3 triple sword
 13648 | D:11     | Killed Harold
 14045 | D:11     | Found a staircase to the Lair.
 14429 | Lair:1   | Entered Level 1 of the Lair of Beasts
 14851 | Lair:1   | Reached XP level 12. HP: 56/98 MP: 17/17
 15115 | Lair:1   | Noticed a four-headed hydra
 15408 | Lair:1   | Killed a one-headed hydra
 15408 | Lair:1   | Received a gift from Okawaru
 16478 | Lair:2   | Received a gift from Okawaru
 16488 | Lair:2   | Got a bone broad axe {god gift}
 16695 | Lair:2   | Identified the +9 broad axe "Vurchuama" {protect, rC+ Str-2
                  | Dex+2} (Okawaru gifted it to you on level 2 of the Lair of
                  | Beasts)
 16963 | Lair:2   | HP: 4/100 [komodo dragon (18)]
 17534 | Lair:2   | Received a gift from Okawaru
 17835 | Lair:3   | Reached skill level 5 in Shields
 18686 | Lair:3   | You fall into a shaft and drop 3 floors!
 18686 | Lair:6   | Entered Level 6 of the Lair of Beasts
 18842 | Lair:6   | Reached XP level 13. HP: 73/106 MP: 19/19
 19029 | Lair:4   | Found a dark tunnel.
 19037 | Volcano  | Entered a volcano
 19379 | Volcano  | Noticed a fire dragon
 19571 | Volcano  | HP: 5/107 [fire dragon (9)]
 19574 | Volcano  | Killed from afar by a fire dragon

Levels and vault maps discovered:
D:1:      dpeg_arrival_rooms_with_view, layout_basic
D:2:      layout_loops_ring, lemuel_doored_altar, first_ration,
          nicolae_gozag_seed_capital, uniq_jessica
D:3:      layout_rooms, minmay_misc_feat_doors
D:4:      layout_basic, serial_bayou, serial_bayou_shore_b, serial_bayou_pond_b,
          serial_bayou_crossing, serial_bayou_pond_e, serial_shops, shop_coins
D:5:      layout_rooms, nicolae_dithmenos_shadow_blocks,
          minmay_temple_entry_junction
D:6:      layout_cave_pods, grunt_ministairs_3
D:7:      layout_loops_ring, uniq_duvessa
D:8:      layout_rooms, grunt_ministairs_15
D:9:      layout_big_octagon, serial_rivers, chequers_serial_rivers_large_a,
          chequers_serial_rivers_small_b, chequers_serial_rivers_small_a,
          chequers_serial_rivers_micro_a, chequers_serial_rivers_micro_e,
          uniq_grum
D:10:     layout_long_grid, kennysheep_orc_monster_closet_entryway,
          blue_anna_alchemist [blue_anna_fruit_fields, blue_anna_fruit_fields],
          elyvilon_altar_4
D:11:     layout_small_grid, grunt_lair_entry_orc_guard_hut, sword_in_stone
Temple:   regret_index_temple_chain_breaker
Lair:1:   layout_hall_layers
Lair:2:   layout_gridlike
Lair:3:   layout_chaotic_city, minmay_shoals_entry_hut, grunt_megastairs_5
Lair:4:   layout_regular_city, minmay_snake_entry_guardpost_medium,
          portal_ice_cave_rime, nicolae_volcano_entry_two_sided, uniq_kirke
Lair:5:   layout_regular_city, basic_altar, minmay_lair_oklob_bushes,
          grunt_megastairs_1
Lair:6:   hangedman_lair_tendril_chambers, layout_concentric_octagons,
          hangedman_lair_caniforms_friends, dpeg_slime_entry_enclosed_altar,
          lemuel_fruit_fields
Volcano:  volcano_grotto [vgs_dualism]

Skill      XL: |  1  2  3  4  5  6  7  8  9 10 11 12 13 |
---------------+----------------------------------------+-----
Dodging        | 3 4 5 6 7 9 10 | 10.0
Polearms       | 4 5 6 7 9 11 13 14 | 14.0
Fighting       | 3 4 5 6 7 9 10 11 | 11.8
Invocations    | 2 5 7 9 |  9.4
Armour         | 2 5 7 8 |  8.0
Shields        | 2 5 |  5.8
Spellcasting   | |  2.0
Charms         | |  3.2

Action                   |  1- 3 |  4- 6 |  7- 9 | 10-12 | 13-15 || total
-------------------------+-------+-------+-------+-------+-------++-------
Melee: Spear             |   116 |   247 |   721 |   895 |       ||  1979
       Tailslap          |       |       |    12 |    16 |       ||    28
       Punch             |       |       |     1 |     2 |       ||     3
       Scimitar          |       |       |       |   306 |   163 ||   469
Throw: Javelin           |       |       |     7 |     7 |     1 ||    15
 Cast: Infusion          |     3 |     9 |    24 |    20 |       ||    56
       Song of Slaying   |       |       |     2 |     6 |     1 ||     9
Invok: Heroism           |       |       |     1 |    11 |     3 ||    15
       Finesse           |       |       |       |     6 |       ||     6
Evoke: Wand              |       |     1 |     6 |    29 |     7 ||    43
  Use: Scroll            |       |     1 |    18 |    10 |     2 ||    31
       Potion            |       |       |       |     4 |     4 ||     8
 Stab: Confused          |       |       |       |    19 |       ||    19
       Paralysed         |       |       |       |    18 |       ||    18
  Eat: Chunk             |     1 |     5 |    15 |    26 |     3 ||    50
       Ration            |       |     1 |     1 |     2 |     1 ||     5
Armor: Leather armour    |    16 |       |       |       |       ||    16
       Ring mail         |     2 |    56 |    55 |       |       ||   113
       Fire dragon scale |       |       |   108 |   368 |   114 ||   590
Dodge: Dodged            |    47 |   102 |   244 |   510 |   147 ||  1050
Block: Shield            |       |       |       |   237 |   132 ||   369
       Rpst.: Scimitar   |       |       |       |    58 |    29 ||    87

Table legend:
 A = Non-vault XP
 B = Vault XP
 C = Vault XP percentage of total XP
 D = Non-vault monster count
 E = Vault monster count
 F = Vault count percentage of total count
                 A         B        C        D         E       F
            +---------+---------+-------+---------+---------+-------
      Total |   24439 |   11529 |  32.1 |     283 |      67 |  19.1
            +---------+---------+-------+---------+---------+-------
        D:1 |      30 |       3 |   9.1 |      21 |       2 |   8.7
        D:2 |      23 |      37 |  61.7 |      14 |       1 |   6.7
        D:3 |      84 |       0 |   0.0 |      11 |       0 |   0.0
        D:4 |     713 |      34 |   4.6 |      25 |       2 |   7.4
        D:5 |     272 |       0 |   0.0 |      11 |       0 |   0.0
        D:6 |     690 |      72 |   9.4 |      20 |       1 |   4.8
        D:7 |     877 |     223 |  20.3 |      27 |       3 |  10.0
        D:8 |     777 |      37 |   4.5 |      18 |       1 |   5.3
        D:9 |    1596 |     530 |  24.9 |      19 |       4 |  17.4
       D:10 |    2445 |    2159 |  46.9 |      23 |      22 |  48.9
       D:11 |    1751 |    5041 |  74.2 |      30 |      11 |  26.8
     Lair:1 |    5460 |       0 |   0.0 |      23 |       0 |   0.0
     Lair:2 |    6124 |       0 |   0.0 |      29 |       0 |   0.0
     Lair:3 |    1600 |       0 |   0.0 |       6 |       0 |   0.0
     Lair:6 |    1997 |     643 |  24.4 |       6 |       3 |  33.3
    Volcano |       0 |    2750 | 100.0 |       0 |      17 | 100.0
            +---------+---------+-------+---------+---------+-------
